 Dungeon Crawl Stone Soup version 0.24.0-37-gcf1ca852f1 (webtiles) character file.

Game seed: 15822080698452190604, levelgen mode: deterministic

1350 FishyPogo the Stinger (level 8, -1/58 HPs)
             Began as a Gnoll Venom Mage on Dec 6, 2019.
             Was a Follower of Sif Muna.
             Slain by an ice beast (4 damage)
             ... on level 5 of the Dungeon.
             The game lasted 00:23:51 (4470 turns).

FishyPogo the Stinger (Gnoll Venom Mage)            Turns: 4470, Time: 00:23:54

Health: -1/58      AC:  8    Str: 11      XL:     8   Next: 63%
Magic:  17/17      EV: 15    Int: 18      God:    Sif Muna [*.....]
Gold:   153        SH:  0    Dex: 15 (17) Spells: 7/19 levels left

rFire    . . .     SeeInvis .   a - +5 flail (holy)
rCold    . . .     Gourm    .   (no shield)
rNeg     . . .     Faith    .   q - +2 leather armour {rPois}
rPois    +         Spirit   .   (no helmet)
rElec    .         Reflect  .   l - +1 cloak {+Inv}
rCorr    .         Harm     .   d - +0 pair of gloves
MR       .....                  (no boots)
Stlth    +++.......             t - amulet of magic regeneration
HPRegen  0.19/turn              (no ring)
MPRegen  0.40/turn              (no ring)

@: no status effects
A: distributed training, fangs 1, strong nose
a: Channel Magic, Renounce Religion, Evoke Invisibility


You were on level 5 of the Dungeon.
You worshipped Sif Muna.
Sif Muna was aware of your devotion.
You were near starving.

You visited 1 branch of the dungeon, and saw 6 of its levels.
You also visited: Sewer.

You collected 153 gold pieces.

Inventory:

Hand Weapons
 a - a +5 flail of holy wrath (weapon)
 b - a +4 quarterstaff of chaos
Missiles
 f - 89 stones
 g - 64 poisoned darts
 p - 5 boomerangs (quivered)
Armour
 d - a +0 pair of gloves (worn)
 l - a +1 cloak of invisibility (worn)
 o - a scarf of spirit shield
 q - a +2 leather armour of poison resistance (worn)
 u - a +0 buckler
Jewellery
 t - an amulet of magic regeneration (around neck)
Scrolls
 i - 2 scrolls of remove curse
 n - a scroll of identify {unknown}
 s - 4 scrolls of teleportation
Potions
 e - a potion of curing
 h - a potion of resistance
 j - a potion of berserk rage
 m - a potion of might
 r - a potion of brilliance
Comestibles
 c - 8 rations


   Skills:
 + Level 3.3 Fighting
 + Level 3.3 Short Blades
 + Level 3.3 Long Blades
 + Level 3.3 Axes
 + Level 3.3 Maces & Flails
 + Level 3.3 Polearms
 + Level 3.3 Staves
 + Level 3.3 Slings
 + Level 3.3 Bows
 + Level 3.3 Crossbows
 + Level 3.3 Throwing
 + Level 3.3 Armour
 + Level 5.7 Dodging
 + Level 5.4 Stealth
 + Level 3.3 Shields
 + Level 3.3 Unarmed Combat
 + Level 6.1 Spellcasting
 + Level 3.5 Conjurations
 + Level 2.7 Hexes
 + Level 2.7 Charms
 + Level 2.7 Summonings
 + Level 2.7 Necromancy
 + Level 2.7 Translocations
 + Level 2.7 Transmutations
 + Level 2.7 Fire Magic
 + Level 2.7 Ice Magic
 + Level 2.7 Air Magic
 + Level 2.7 Earth Magic
 + Level 6.1 Poison Magic
 + Level 3.7 Invocations
 + Level 3.3 Evocations


You had 7 spell levels left.
You knew the following spells:

 Your Spells              Type           Power        Failure   Level  Hunger
a - Sting                 Conj/Pois      ###.         1%          1    None
b - Poisonous Vapours     Pois/Air       ###...       3%          2    None
c - Mephitic Cloud        Conj/Pois/Air  ###.....     9%          3    ##.....
n - Olgreb's Toxic Radia  Pois           ####....     12%         4    ####...
p - Passwall              Tmut/Erth      ###.....     8%          2    None

Your spell library contained the following spells:

 Spells                   Type           Power        Failure   Level  Hunger
 Sandblast                Erth           ###...       4%          1    None
 Stone Arrow              Conj/Erth      ###...       12%         3    ##.....
 Petrify                  Tmut/Erth      ###.....     43%         4    ####...
 Venom Bolt               Conj/Pois      ###.......   50%         5    #####..
 Lee's Rapid Deconstruct  Erth           ###.......   80%         5    #####..


Dungeon Overview and Level Annotations

Branches:
Dungeon (6/15)             Temple (0/1) D:4           Sewer (visited)

Altars:
Elyvilon
Fedhas
Nemelex Xobeh
Ru
Sif Muna
The Shining One

Annotations:
D:4 4 transporters, hitsuchi's ghost, amateur DsFE


Innate Abilities, Weirdness & Mutations

Your experience applies equally to all skills.
You have very sharp teeth.
Your uncanny sense of smell can sniff out nearby items.


Message History

The ice beast misses you.
The ice beast hits you but does no damage.
You hit the ice beast.
The ice beast is heavily wounded.
The ice beast closely misses you.
You hit the ice beast.
The ice beast is severely wounded.
The ice beast barely misses you.
You completely miss the ice beast.
You bite the ice beast, but do no damage.
The ice beast is severely wounded.
The ice beast barely misses you.
You hit the ice beast.
The ice beast is almost dead.
The ice beast hits you.
* * * LOW HITPOINT WARNING * * *
The ice beast freezes you.
* * * LOW HITPOINT WARNING * * *
The ice beast hits you.
You die...

## #. #. ##########
#. #...Y...$#######
##
#...@....#.....######
#.......(#.....'.....
#........#.....######
#........#.....#
#........#.....######
#........'.....+.....
#........#.....######
#######+##.....#
#.##.....#


You could see an ice beast.

Vanquished Creatures
  Pikel (D:4)
  Edmund (D:4)
  Duvessa (D:4)
  An ice beast (D:4)
  4 slaves (D:4)
  An ogre (D:4)
  A centaur (D:5)
  Blork the orc (D:3)
  Dowan (D:4)
  A quasit (D:5)
  Crazy Yiuf (D:2)
  Terence (D:2)
  2 orc wizards
  A howler monkey zombie (D:5)
  4 gnolls (D:2)
  8 adders
  3 oozes
  4 worms
  A dart slug (D:1)
  8 leopard geckos
  10 orcs
  6 giant cockroaches
  5 goblins
  4 hobgoblins
  14 kobolds
  2 quokkas (D:2)
  4 ball pythons
  3 bats (D:1)
  5 frilled lizards
  A hobgoblin zombie (D:5)
  An orc skeleton (D:5)
  10 rats
111 creatures vanquished.

Notes
Turn   | Place    | Note
-------+----------+-------------------------------------------
     0 | D:1      | FishyPogo the Gnoll Venom Mage began the quest for the Orb.
     0 | D:1      | Reached XP level 1. HP: 13/13 MP: 6/6
   217 | D:1      | Reached XP level 2. HP: 19/19 MP: 5/7
   222 | D:1      | Learned a level 2 spell: Poisonous Vapours
   796 | D:2      | Found a runed translucent door.
   797 | D:2      | Noticed Crazy Yiuf
   865 | D:2      | Reached XP level 3. HP: 16/25 MP: 3/9
   867 | D:2      | Reached skill level 5 in Spellcasting
   948 | D:2      | Learned a level 3 spell: Mephitic Cloud
   963 | D:2      | Reached skill level 1 in Invocations
   970 | D:2      | Reached skill level 1 in Fighting
   970 | D:2      | Reached skill level 1 in Short Blades
   970 | D:2      | Reached skill level 1 in Long Blades
   970 | D:2      | Reached skill level 1 in Axes
   970 | D:2      | Reached skill level 1 in Maces & Flails
   970 | D:2      | Reached skill level 1 in Polearms
   970 | D:2      | Reached skill level 1 in Staves
   970 | D:2      | Reached skill level 1 in Slings
   970 | D:2      | Reached skill level 1 in Bows
   970 | D:2      | Reached skill level 1 in Crossbows
   970 | D:2      | Reached skill level 1 in Throwing
   970 | D:2      | Reached skill level 1 in Armour
   970 | D:2      | Reached skill level 1 in Shields
   970 | D:2      | Reached skill level 1 in Unarmed Combat
   970 | D:2      | Reached skill level 1 in Evocations
  1005 | D:2      | Reached XP level 4. HP: 6/32 MP: 0/11
  1252 | D:2      | Learned a level 4 spell: Olgreb's Toxic Radiance
  1300 | D:2      | Noticed Terence
  1309 | D:2      | Killed Terence
  1309 | D:2      | Reached skill level 1 in Hexes
  1309 | D:2      | Reached skill level 1 in Charms
  1309 | D:2      | Reached skill level 1 in Summonings
  1309 | D:2      | Reached skill level 1 in Necromancy
  1309 | D:2      | Reached skill level 1 in Translocations
  1309 | D:2      | Reached skill level 1 in Transmutations
  1309 | D:2      | Reached skill level 1 in Fire Magic
  1309 | D:2      | Reached skill level 1 in Ice Magic
  1309 | D:2      | Reached skill level 1 in Air Magic
  1309 | D:2      | Reached skill level 1 in Earth Magic
  1322 | D:2      | Found a white marble altar of Elyvilon.
  1827 | D:2      | Killed Crazy Yiuf
  1827 | D:2      | Reached XP level 5. HP: 22/37 MP: 7/12
  1999 | D:3      | Found a sparkling altar of Nemelex Xobeh.
  2445 | D:3      | Noticed Blork the orc
  2464 | D:3      | Killed Blork the orc
  2464 | D:3      | Reached XP level 6. HP: 44/44 MP: 3/13
  2472 | D:3      | Found a shimmering blue altar of Sif Muna.
  2622 | D:3      | Became a worshipper of Sif Muna the Loreminder
  2752 | D:4      | Found a transporter.
  2763 | D:4      | Found a transporter.
  2788 | D:4      | You fall into a shaft and drop 2 floors!
  2805 | D:6      | Noticed an orc warrior
  2813 | D:5      | Entered Level 5 of the Dungeon
  2822 | D:5      | Found a glowing drain.
  2826 | D:5      | Reached skill level 5 in Dodging
  2904 | Sewer    | Entered a sewer
  3299 | D:5      | Found a blossoming altar of Fedhas.
  3325 | D:4      | Noticed Edmund
  3332 | D:4      | Killed Edmund
  3332 | D:4      | Reached XP level 7. HP: 43/50 MP: 9/15
  3411 | D:4      | Noticed Duvessa
  3411 | D:4      | Noticed Dowan
  3436 | D:4      | Killed Duvessa
  3440 | D:4      | Killed Dowan
  3469 | D:4      | Learned a level 2 spell: Passwall
  3519 | D:4      | Noticed a troll
  3522 | D:4      | Noticed hitsuchi's ghost (amateur DsFE)
  3538 | D:4      | Reached skill level 5 in Stealth
  3809 | D:4      | Found a transporter.
  3892 | D:4      | Noticed Pikel
  3930 | D:4      | Reached XP level 8. HP: 34/57 MP: 16/16
  3962 | D:4      | Killed Pikel
  3962 | D:4      | Reached * piety under Sif Muna
  3971 | D:4      | Found a sacrificial altar of Ru.
  4135 | D:4      | Found a staircase to the Ecumenical Temple.
  4161 | D:4      | Found a transporter.
  4315 | D:5      | Found a glowing golden altar of the Shining One.
  4470 | D:5      | Slain by an ice beast

Levels and vault maps discovered:
D:1:      scummos_arrival_simple_fountains, layout_basic, chequers_big_river,
          patterned_corridor
D:2:      layout_basic, lemuel_coloured_pillars_altar, uniq_crazy_yiuf_cottage,
          uniq_terence
D:3:      layout_basic, tgw_sif, nemelex_altar_shiori
D:4:      gammafunk_steamed_eel, layout_basic, hangedman_ru_absence,
          minmay_temple_entry_wispy, gammafunk_ghost_arena, first_ration,
          uniq_edmund, uniq_pikel, uniq_duvessa
D:5:      layout_basic, nicolae_tso_besieged_by_evil, portal_sewer_entry_f,
          fedhas_bush_and_centaur_altar
D:6:      layout_loops_ring, cheibriados_altar_1, grunt_ministairs_12

Skill      XL: |  1  2  3  4  5  6  7  8 |
---------------+-------------------------+-----
Conjurations   | 2 3 |  3.5
Spellcasting   | 5 6 |  6.1
Invocations    | 1 2 3 |  3.7
Fighting       | 1 2 3 |  3.3
Short Blades   | 1 2 3 |  3.3
Long Blades    | 1 2 3 |  3.3
Axes           | 1 2 3 |  3.3
Maces & Flails | 1 2 3 |  3.3
Polearms       | 1 2 3 |  3.3
Staves         | 1 2 3 |  3.3
Slings         | 1 2 3 |  3.3
Bows           | 1 2 3 |  3.3
Crossbows      | 1 2 3 |  3.3
Throwing       | 1 2 3 |  3.3
Armour         | 1 2 3 |  3.3
Shields        | 1 2 3 |  3.3
Unarmed Combat | 1 2 3 |  3.3
Evocations     | 1 2 3 |  3.3
Hexes          | 1 2 |  2.7
Charms         | 1 2 |  2.7
Summonings     | 1 2 |  2.7
Necromancy     | 1 2 |  2.7
Translocations | 1 2 |  2.7
Transmutations | 1 2 |  2.7
Fire Magic     | 1 2 |  2.7
Ice Magic      | 1 2 |  2.7
Air Magic      | 1 2 |  2.7
Earth Magic    | 1 2 |  2.7
Dodging        | 5 |  5.7
Stealth        | 5 |  5.4
Poison Magic   | 6 |  6.1

Action                   |  1- 3 |  4- 6 |  7- 9 || total
-------------------------+-------+-------+-------++-------
Melee: Unarmed           |    11 |       |       ||    11
       Club              |    19 |     2 |       ||    21
       Flail             |       |    62 |    62 ||   124
       Bite              |       |     6 |    11 ||    17
       Quarterstaff      |       |    28 |    26 ||    54
       Punch             |       |       |     1 ||     1
Throw: Dart              |       |     6 |     8 ||    14
       Boomerang         |       |       |     6 ||     6
 Cast: Sting             |    41 |    84 |     9 ||   134
       Poisonous Vapours |     4 |    17 |     8 ||    29
       Mephitic Cloud    |     1 |     5 |     4 ||    10
       Olgreb's Toxic Ra |       |       |     1 ||     1
 Abil: Evoke Invisibilit |       |     1 |       ||     1
  Use: Scroll            |       |     7 |       ||     7
       Potion            |       |     8 |     1 ||     9
 Stab: Sleeping          |     1 |     2 |     1 ||     4
  Eat: Chunk             |       |     9 |     3 ||    12
Armor: Robe              |     7 |     4 |       ||    11
       Leather armour    |       |    19 |    42 ||    61
Dodge: Dodged            |    32 |    67 |    89 ||   188
Block: Buckler           |       |     4 |       ||     4
